 Dungeon Crawl Stone Soup version 0.26-a0-670-g578ab304f5 (webtiles) character file.

Game seed: 4074308509629966582

594 ANON1729 the Slasher (level 7, -2/49 HPs)
             Began as an Octopode Chaos Knight on Oct 19, 2020.
             Was a Plaything of Xom.
             Slain by a wyvern (13 damage)
             ... on level 5 of the Dungeon.
             The game lasted 00:03:22 (4655 turns).

ANON1729 the Slasher (Octopode Chaos Knight)        Turns: 4655, Time: 00:03:23

Health: -2/49      AC:  5    Str: 19    XL:     7   Next: 39%
Magic:  7/7        EV: 15    Int: 15    God:    Xom [.....*]
Gold:   175        SH:  0    Dex: 11    Spells: 6/6 levels left

rFire    + + .     SeeInvis .   a - +0 falchion (chaos)
rCold    . . .     Faith    .   (no shield)
rNeg     . . .     Spirit   .   (helmet restricted)
rPois    .         Reflect  .   (no amulet)
rElec    .         Harm     .   j - +4 ring of protection
rCorr    .         Rampage  .   q - ring of protection from fire
MR       .....                  t - ring of protection from fire
Stlth    ++........             v - +6 ring of strength
HPRegen  0.16/turn              (no ring)
MPRegen  0.10/turn              (no ring)
                                (no ring)
                                (no ring)

@: no status effects
A: almost no armour, stealthy swim, amphibious, 8 rings, constrict 8, fangs 1,
camouflage 1, gelatinous body 1
a: Renounce Religion


You were on level 5 of the Dungeon.
You worshipped Xom.
You were Xom's teddy bear.
You visited 1 branch of the dungeon, and saw 5 of its levels.

You collected 175 gold pieces.

Inventory:

Hand Weapons
 a - a +0 falchion of chaos (weapon)
Armour
 e - a +0 kite shield
Jewellery
 j - a +4 ring of protection (left tentacle)
 q - a ring of protection from fire (right tentacle)
 t - a ring of protection from fire (on tentacle)
 v - a +6 ring of strength (on tentacle)
Wands
 m - a wand of digging (5)
 u - a wand of paralysis (8)
Scrolls
 b - 2 scrolls of teleportation {unknown}
 f - 2 scrolls of identify {unknown}
 g - a scroll of noise {unknown}
 h - 5 scrolls of remove curse {unknown}
 i - 5 scrolls of magic mapping {unknown}
 n - a scroll of fog {unknown}
 r - a scroll of blinking {unknown}
Potions
 c - a potion of degeneration {unknown}
 d - 2 potions of curing {unknown}
 k - a potion of might {unknown}
 l - a potion of berserk rage {unknown}
 o - a potion of mutation {unknown}
 p - 2 potions of lignification {unknown}
 s - a potion of haste {unknown}
 w - 2 potions of stabbing {unknown}


   Skills:
 + Level 4.9 Fighting
 + Level 4.9 Long Blades
 + Level 4.5 Dodging
 + Level 3.2 Shields


You had 6 spell levels left.
You didn't know any spells.
Your spell library was empty.

Dungeon Overview and Level Annotations

Branches:
Dungeon (5/15)             Temple (0/1) D:4

Altars:
Cheibriados
Fedhas
Hepliaklqana
Sif Muna
Vehumet
Xom
Yredelemnul
Zin


Innate Abilities, Weirdness & Mutations

You cannot wear most types of armour.
You are very stealthy in the water. (Stealth+)
You are amphibious.
You can wear up to eight rings at the same time.
You can use your tentacles to constrict eight enemies at once.
Your skin changes colour to match your surroundings (Stealth+).
Your rubbery body absorbs attacks. (AC +1, EV +1)
You have very sharp teeth.


Message History

The wyvern is almost dead.
You hit the wyvern but do no damage. Your squeeze misses the wyvern.
The wyvern is almost dead.
The wyvern closely misses you.
You hit the wyvern but do no damage.
The wyvern is almost dead.
The wyvern bites you!
* * * LOW HITPOINT WARNING * * *
The wyvern closely misses you.
You are too injured to fight recklessly!
You are too injured to fight recklessly!
You are too injured to fight recklessly!
You are too injured to fight recklessly!
You are too injured to fight recklessly!
You are too injured to fight recklessly!
You barely miss the wyvern. Your bite misses the wyvern.
The wyvern is almost dead.
The wyvern barely misses you. x2
You swap places.
The wyvern bites you!
You die...

...............#
################ .#
###........# .#
...........## .######
###.........#####.......
#.....<...............
#........####.#.......
#........# #.#...####
#........# #b@..##...
########## ##l.#b#8.#.
#b....#Y?.#
#......bb#.$O.
#.####..©#_$.. #
##..#?!.. #.#$?.# .#8.#
.##..


You could see a two-headed ogre (asleep), a wyvern (agile) and a sky beast.

Vanquished Creatures
  2 ogres (D:4)
  A scorpion (D:4)
  A howler monkey (D:5)
  A centaur skeleton (D:4)
  A hound (D:4)
  Natasha (thrice) (D:2)
  2 worker ants (D:4)
  7 adders
  3 oozes
  An adder skeleton (D:4)
  2 worms (D:3)
  A dart slug (D:2)
  2 leopard geckos (D:2)
  9 orcs
  3 ball pythons
  3 giant cockroaches
  6 goblins
  9 hobgoblins
  3 jackals (D:2)
  6 kobolds
  2 quokkas
  3 bats
  A frilled lizard (D:3)
  4 rats
76 creatures vanquished.

Notes
Turn   | Place    | Note
-------+----------+-------------------------------------------
     0 | D:1      | ANON1729 the Octopode Chaos Knight began the quest for the
                  | Orb.
     0 | D:1      | Reached XP level 1. HP: 16/16 MP: 1/1
   102 | D:1      | Reached XP level 2. HP: 21/21 MP: 2/2
   182 | D:1      | XOM: divination: magic mapping
   373 | D:1      | XOM: cloud trail
   554 | D:2      | Noticed Natasha
   559 | D:2      | Killed Natasha
   559 | D:2      | Reached XP level 3. HP: 14/26 MP: 3/3
   624 | D:2      | XOM: silly message
   778 | D:2      | Reached XP level 4. HP: 27/31 MP: 4/4
   785 | D:2      | XOM: divination: magic mapping
   811 | D:2      | Reached skill level 1 in Shields
  1015 | D:2      | Noticed Natasha
  1019 | D:2      | Killed Natasha
  1078 | D:2      | XOM: divination: magic mapping
  1104 | D:2      | XOM: 7-stop teleportation journey
  1341 | D:2      | Noticed Natasha
  1343 | D:2      | Killed Natasha
  1343 | D:2      | Reached XP level 5. HP: 28/37 MP: 5/5
  2137 | D:3      | Found a radiant altar of Vehumet.
  2198 | D:3      | XOM: summons 2 hostile shadow creatures
  2938 | D:3      | Found a glowing silver altar of Zin.
  3095 | D:4      | Reached XP level 6. HP: 41/43 MP: 6/6
  3157 | D:4      | XOM: summons 4 hostile demons
  3391 | D:4      | XOM: give mutation
  3391 | D:4      | Gained mutation: You have very sharp teeth. [Xom's
                  | mischief]
  3448 | D:4      | Found a staircase to the Ecumenical Temple.
  3993 | D:4      | Reached XP level 7. HP: 30/49 MP: 7/7
  4012 | D:4      | XOM: scenery: create altars
  4078 | D:4      | XOM: divination: magic mapping
  4084 | D:4      | XOM: god gift: iron ring {god gift}
  4153 | D:4      | XOM: cloud trail
  4319 | D:4      | Found a snail-covered altar of Cheibriados.
  4322 | D:4      | Found a basalt altar of Yredelemnul.
  4367 | D:4      | Found a shimmering blue altar of Sif Muna.
  4387 | D:4      | XOM: scenery: create altars
  4562 | D:5      | Entered Level 5 of the Dungeon
  4601 | D:5      | Found a hazy altar of Hepliaklqana.
  4637 | D:5      | Noticed a two-headed ogre
  4638 | D:5      | Found a blossoming altar of Fedhas.
  4645 | D:5      | XOM: butterfly on damage
  4649 | D:5      | Noticed a wyvern
  4649 | D:5      | an ice beast changed into a wyvern
  4655 | D:5      | Slain by a wyvern

Illustrated notes

Levels and vault maps discovered:
D:1:      lemuel_arrival_cross, layout_basic
D:2:      layout_basic, minmay_misc_feat_iff, uniq_natasha
D:3:      layout_basic, zin_statuary, fiery_altar_vehumet
D:4:      layout_loops_ring, grunt_temple_overflow_diamond,
          minmay_temple_entry_arrows, hangedman_decor_clover_reticule
D:5:      layout_rooms, kennysheep_mini, lemuel_coloured_pillars_altar,
          gammafunk_temple_overflow_arena, minmay_misc_feat_rows, corexii_shack,
          grunt_ministairs_2, minivault_19

Skill      XL: |  1  2  3  4  5  6  7 |
---------------+----------------------+-----
Dodging        | 3 4 |  4.5
Shields        | 1 2 3 |  3.2
Long Blades    | 4 |  4.9
Fighting       | 4 |  4.9

Action                   |  1- 3 |  4- 6 |  7- 9 || total
-------------------------+-------+-------+-------++-------
Melee: Falchion          |    39 |   125 |    31 ||   195
       Constrict         |    10 |    32 |     3 ||    45
       Tentacles         |     6 |    25 |     7 ||    38
       Bite              |       |     4 |     4 ||     8
 Stab: Sleeping          |     4 |     7 |     4 ||    15
       Petrifying        |       |     1 |       ||     1
Armor: Skin              |     2 |    14 |     4 ||    20
Dodge: Dodged            |    23 |   100 |    20 ||   143
       Rpst.: Falchion   |     4 |    25 |     4 ||    33

Table legend: (Time is in decaauts)
 A = Elapsed time spent in this place.
 B = Non-inter-level travel time spent in this place.
 C = Inter-level travel time spent in this place.
 D = Time resting spent in this place.
 E = Time spent auto-exploring this place.
 F = Levels seen in this place.
 G = Mean time per level.
                   A        B        C        D        E       F      G
               +--------+--------+--------+--------+--------+-----+--------+
         Total |   4674 |   4624 |     50 |    878 |   3174 |   5 |  934.8 |
       Dungeon |   4674 |   4624 |     50 |    878 |   3174 |   5 |  934.8 |
               +--------+--------+--------+--------+--------+-----+--------+

Top non-repeatable levels by time:
     D:3: 1474 daAuts
     D:2: 1350 daAuts
     D:4: 1336 daAuts
     D:1: 418 daAuts
     D:5: 93 daAuts
